 Dungeon Crawl Stone Soup version 0.19.0 (webtiles) character file.

140 Cacophonie the Cudgeler (level 5, -2/45 HPs)
             Began as a Hill Orc Abyssal Knight on Nov 12, 2016.
             Was a Believer of Lugonu.
             Slain by a hound (3 damage)
             ... on level 2 of the Dungeon.
             The game lasted 00:09:00 (2868 turns).

Cacophonie the Cudgeler (Hill Orc Abyssal Knight)   Turns: 2868, Time: 00:09:01

Health: -2/45      AC:  5    Str: 16    XL:     5   Next: 22%
Magic:  6/6        EV: 11    Int: 12    God:    Lugonu [**....]
Gold:   113        SH:  0    Dex: 10    Spells: 0 memorised, 4 levels left

rFire  . . .     SeeInvis .     a - +2 mace
rCold  . . .     Gourm    .     b - +0 leather armour
rNeg   . . .     Faith    .     (no shield)
rPois  .         Spirit   .     h - +0 helmet
rElec  .         Reflect  .     (no cloak)
rCorr  .         Harm     .     l - +0 pair of gloves
MR     .....                    (no boots)
Stlth  +.........               (no amulet)
                                (no ring)
                                (no ring)

@: no status effects
A: no striking features
a: Depart the Abyss, Bend Space, Renounce Religion


You were on level 2 of the Dungeon.
You worshipped Lugonu.
Lugonu was pleased with you.
You were not hungry.

You visited 1 branch of the dungeon, and saw 3 of its levels.
You visited the Abyss 1 time.

You collected 113 gold pieces.


Message History

The hound pauses to sniff the ground!
The bat closely misses you! The bat barely misses you!
Some of the chunks of flesh in your inventory have rotted away!
The bat barely misses you! The bat hits you! * * * don't die
* * * The bat hits you but does no damage!
There is a stone staircase leading down, spattered with blood here!
The bat hits you but does no damage! The bat barely misses you!
The bat hits you but does no damage! x2
The bat closely misses you! The bat completely misses you!
The bat barely misses you! x2
The bat hits you! * * * don't die
* * * The bat barely misses you!
The hound bites you! * * * don't die
* * * The hound bites you! rip

...............#
......#..#.....#
........##.....#
.......###.....####
.......# #........#
......## #..#.#>..#
.....>## #..#.#...#
.......####...#...##
..............#.@..#####
###########.b.##h......####
# ######...#....###....#
#####...........#(.><#....#
...#..#####......#.#......#
##...# #..........#....#
.....# #..##......#....#
.##### ##..##......#....#
## ##...........#....#


You could see a hound.

Inventory:

Hand Weapons
 a - a +2 mace (weapon)
Missiles
 d - 42 stones (quivered)
 n - 4 javelins
Armour
 b - a +0 leather armour (worn)
 h - a +0 helmet (worn)
 l - a +0 pair of gloves (worn)
 p - a +0 plate armour
Scrolls
 e - 2 scrolls of identify
Potions
 j - 3 potions of curing
Comestibles
 c - a bread ration
 f - 7 fruits
 i - 3 chunks of flesh


   Skills:
 - Level 3.6 Fighting
 + Level 5.7 Maces & Flails
 - Level 2.1 Armour
 - Level 0.7 Dodging
 - Level 2.4 Invocations


You had 4 spell levels left.
You didn't know any spells.

Dungeon Overview and Level Annotations

Branches:
Dungeon (3/15)

Altars:

Vault maps used:
D:1:      matt_arrival_los_fun, minmay_misc_feat_x
D:3:      serial_forest, infiniplex_forest_lined_room_2,
          infiniplex_forest_clump_small, infiniplex_forest_end_1,
          infiniplex_forest_3_way, infiniplex_forest_lined_room_,
          infiniplex_forest_zigzag_2, minmay_misc_feat_iff

Vanquished Creatures
  2 gnolls (D:2)
  7 adders
  An ooze (D:2)
  3 worms (D:2)
  3 dart slugs
  A leopard gecko (D:1)
  2 giant cockroaches (D:2)
  6 goblins
  5 hobgoblins
  2 kobolds (D:2)
  2 ball pythons (D:1)
  5 bats
  8 rats
47 creatures vanquished.

Notes
Turn   | Place    | Note
-------+----------+-------------------------------------------
     0 | Abyss:1  | Cacophonie the Hill Orc Abyssal Knight began the quest for the Orb.
     0 | Abyss:1  | Reached XP level 1. HP: 19/19 MP: 2/2
    22 | D:1      | Escaped the Abyss
   443 | D:1      | Reached XP level 2. HP: 26/26 MP: 3/3
   445 | D:1      | Reached skill level 3 in Maces & Flails
  1049 | D:1      | Reached ** piety under Lugonu
  1137 | D:1      | Reached XP level 3. HP: 30/31 MP: 4/4
  1265 | D:1      | Reached skill level 4 in Maces & Flails
  1997 | D:2      | Reached XP level 4. HP: 4/39 MP: 5/5
  2498 | D:2      | Reached skill level 5 in Maces & Flails
  2747 | D:2      | Reached XP level 5. HP: 45/45 MP: 6/6
  2854 | D:2      | HP: 2/45 [poisoned by an adder]
  2864 | D:2      | HP: 2/45 [bat (1)]
  2868 | D:2      | Slain by a hound
